 Dungeon Crawl Stone Soup version 0.27-a0-396-g03f4e8edb7 (webtiles) character file.

Game seed: 8509681632021887880

21 Morbidden the Ducker (level 2, 22/22 HPs)
             Began as a Demonspawn Gladiator on Feb 21, 2021.
             Quit the game on level 1 of the Dungeon.
             The game lasted 00:00:35 (1034 turns).

Morbidden the Ducker (Demonspawn Gladiator)         Turns: 1034, Time: 00:00:35

Health: 22/22      AC:  4    Str: 14    XL:     2   Next: 65%
Magic:  2/2        EV: 13    Int:  9    God:
Gold:   91         SH:  0    Dex: 14    Spells: 1/1 levels left

rFire    . . .     SeeInvis .   a - +0 long sword
rCold    . . .     Faith    .   (no shield)
rNeg     . . .     Spirit   .   b - +0 leather armour
rPois    .         Reflect  .   c - +0 helmet
rElec    .         Harm     .   (no cloak)
rCorr    .         Rampage  .   (no gloves)
Will     .....                  (no boots)
Stlth    +.........             (no amulet)
HPRegen  0.07/turn              (no ring)
MPRegen  0.08/turn              (no ring)

@: no status effects
A: demonic guardian 1
a: no special abilities


You were on level 1 of the Dungeon.
You visited 1 branch of the dungeon, and saw 1 of its levels.

You collected 91 gold pieces.

Inventory:

Hand Weapons
 a - a +0 long sword (weapon)
Missiles
 d - 3 throwing nets
 h - a poisoned dart (quivered)
Armour
 b - a +0 leather armour (worn)
 c - a +0 helmet (worn)
Scrolls
 e - 2 scrolls of identify {unknown}
 f - a scroll of noise {unknown}
 i - a scroll of teleportation {unknown}
Potions
 g - 2 potions of curing {unknown}
 j - 2 potions of heal wounds {unknown}
 k - a potion of resistance {unknown}


   Skills:
 * Level 2.1 Fighting
 * Level 3.1 Long Blades
 + Level 1.7 Throwing
 * Level 3.1 Dodging
 + Level 0.3 Stealth


You had one spell level left.
You didn't know any spells.
Your spell library was empty.

Dungeon Overview and Level Annotations

Branches:
Dungeon (1/15)

Altars:


Innate Abilities, Weirdness & Mutations

A weak demonic guardian rushes to your aid.


Message History

The ball python closely misses you.
You riposte.
You closely miss the ball python. The ball python barely misses you.
A ball python is nearby!
You closely miss the ball python. The ball python misses you.
You riposte.
You slash the ball python!
You kill the ball python!
You see here a ball python corpse.
Key pressed, stopping explore.
No target in view!
No target in view!
e - 2 scrolls labelled ZAOSTR MEIFIED (gained 1)
You see here a ball python corpse.
Found 16 arrows.
No target in view!
You see here 16 arrows.
j - 2 bubbling silvery potions (gained 1)
You now have 87 gold pieces (gained 11).
A rat comes into view.
The rat closely misses you.
You riposte.
You slash the rat!
You kill the rat!
You now have 91 gold pieces (gained 4).
There is a stone staircase leading down here.
Things that are here:
a +0 club; 4 stones No target in view!
Done exploring.
No target in view!
Done exploring.
No target in view!
Done exploring.
No target in view!
Done exploring.
No target in view!
Done exploring.
No target in view!
Done exploring.
No target in view!
Unknown command.
Unknown command.
Are you sure you want to abandon this character and quit the game? (Confirm with "yes".)

#.##.#.######.# #)###.#
#.##..........# #..##.#
#.####....###############.##.#
#.# ####.# #.............# ..#
#.# #.########.#### ### #.#
#.# #.# #########.# #.# #.#
...(....#.######.#### #.#
#######.#.......@...# #.#
#..........##.#####.#
#############.......#
#########


There were no monsters in sight!

Vanquished Creatures
  An ooze (D:1)
  A dart slug (D:1)
  2 bats (D:1)
  2 goblins (D:1)
  A hobgoblin (D:1)
  4 kobolds (D:1)
  A ball python (D:1)
  A rat (D:1)
13 creatures vanquished.

Notes
Turn   | Place    | Note
-------+----------+-------------------------------------------
     0 | D:1      | Morbidden the Demonspawn Gladiator began the quest for the
                  | Orb.
     0 | D:1      | Reached XP level 1. HP: 16/16 MP: 1/1
   315 | D:1      | Gained mutation: A weak demonic guardian rushes to your
                  | aid. [demonic ancestry]
   315 | D:1      | Reached XP level 2. HP: 20/22 MP: 2/2
  1034 | D:1      | Quit the game

Illustrated notes

Levels and vault maps discovered:
D:1:      heliophobic_arrival_dark_side_of_the_moon, layout_loops_ring,
          minivault_19

Skill      XL: |  1  2 |
---------------+-------+-----
Dodging        | 3 |  3.1
Long Blades    | 3 |  3.1
Fighting       | |  2.1
Throwing       | |  1.7
Stealth        | |  0.3

Action                   || total
-------------------------++-------
Melee: Long sword        ||    30
Throw: Dart              ||     1
       Throwing net      ||     1
 Stab: Sleeping          ||     1
Armor: Leather armour    ||    10
Dodge: Dodged            ||    29
       Rpst.: Long sword ||    11

Table legend: (Time is in decaauts)
 A = Elapsed time spent in this place.
 B = Non-inter-level travel time spent in this place.
 C = Inter-level travel time spent in this place.
 D = Time resting spent in this place.
 E = Time spent auto-exploring this place.
 F = Levels seen in this place.
 G = Mean time per level.
                   A        B        C        D        E       F      G
               +--------+--------+--------+--------+--------+-----+--------+
         Total |   1041 |   1041 |      0 |      0 |    943 |   1 | 1041.0 |
       Dungeon |   1041 |   1041 |      0 |      0 |    943 |   1 | 1041.0 |
               +--------+--------+--------+--------+--------+-----+--------+

Top non-repeatable levels by time:
     D:1: 1041 daAuts
